 Dungeon Crawl Stone Soup version 0.31-a0-963-ga325b2283a (console) character file.

Game seed: 4246453224321745232

2 petzl the Sneak (level 1, -6/17 (18) HPs)
             Began as a Formicid Delver on Oct 25, 2023.
             Killed from afar by an orc wizard (11 damage)
             ... with a puff of flame
             ... on level 3 of the Dungeon.
             The game lasted 00:03:01 (396 turns).

petzl the Sneak (Formicid Delver)                    Turns: 396, Time: 00:03:02

HP:   -6/17 (18)    AC:  3    Str: 16    XL:     1   Next: 33%
MP:   1/1           EV: 12    Int:  9    God:
Gold: 36            SH:  0    Dex: 15    Spells: 1/1 levels left

rFire   . . .        a - +0 mace
rCold   . . .        (no shield)
rNeg    . . .        b - +0 leather armour
rPois   .            (helmet unavailable)
rElec   .            (no cloak)
rCorr   .            (no gloves)
SInv    +            (no boots)
Will    .....        (no amulet)
Stlth   +++          (no ring)
HPRegen 0.22/turn    (no ring)
MPRegen 0.07/turn

%: no passive effects
@: drained
A: permanent stasis, dig shafts and tunnels, antennae 3, four strong arms
a: Dig, Shaft Self


You were on level 3 of the Dungeon.
You visited 1 branch of the dungeon, and saw 4 of its levels.

You collected 36 gold pieces.

Inventory:

Hand Weapons
 a - a +0 mace (weapon)
Armour
 b - a +0 leather armour (worn)
Wands
 f - a wand of digging (3)
Scrolls
 g - a scroll of teleportation {unknown}
Potions
 h - a potion of curing {unknown}


   Skills:
 - Level 3.2 Fighting
 - Level 2.0 Maces & Flails
 - Level 1.7 Dodging
 - Level 6.0 Stealth
 + Level 0.6 Spellcasting


You had one spell level left.
You didn't know any spells.
Your spell library contained the following spells:

 Spells                   Type           Power      Damage    Failure   Level
 Lesser Beckoning         Tloc           0%         N/A       58%         2
 Momentum Strike          Conj/Tloc      0%         3d8       58%         2
 Wereblood                Tmut           0%         N/A       58%         2
 Irradiate                Conj/Tmut      0%         3d11      100%        5
 Blink                    Tloc           Unusable   N/A       N/A         2

Dungeon Overview and Level Annotations

Branches:
Dungeon (6/15)
 Temple: D:4-7

Altars:

Annotations:
D:4 exclusion: 2 sensed monsters (detected)
D:5 exclusions: downstairs and sensed monster (detected)
D:6 Blork the orc


Innate Abilities, Weirdness & Mutations

You cannot be hasted, slowed, berserked, paralysed or teleported.
You can dig through walls and to a lower floor.
You have a pair of large antennae on your head. (SInv)
Your four strong arms can wield two-handed weapons with a shield.


Message History

You closely miss the adder. The adder bites you. The adder barely misses you.
You hit the adder but do no damage. The adder bites you.
You are poisoned.
The adder poisons you! The adder bites you but does no damage.
You barely miss the adder.
You feel very sick. The adder bites you.
Okay, then.
Okay, then.
Unknown command.
Unknown command.
Okay, then.
Unknown command.
Press: ? - help, v - describe, . - travel, g - get item Item here: an encrusted bone ring.
The floor.
Unknown command.
As you read the scroll of fear, it crumbles to dust.
You assume a fearsome visage.
The adder looks frightened!
You feel sick.
As you read the scroll of revelation, it crumbles to dust.
You feel aware of your surroundings.
You feel sick.
Unknown command.
Unknown command.
Unknown command.
Unknown command.
Okay, then.
Unknown command.
You feel sick.
Unknown command.
You feel sick.
You feel sick.
You are no longer poisoned.
An orc comes into view. It is wielding a +0 whip.
The orc moves out of view.
An orc wizard comes into view. It is wielding a +0 dagger.
The orc wizard shouts!
The orc wizard casts a spell at you. The puff of flame hits you!
Ouch! That really hurt!
You die...

********************,..$.......#
#{#,*,, *,,,,,,,,,,,,,,,,..........#
#§#,#,,
**,**************..........####§#.#..
*,* *,,,,,,,***,..J.......#.§§§§§...
**+***+*****,,,*,,,,*....#..§§§§§§...
*,,,,,,,* *,,,*..,,**#§....§.§§§§...
*,,,,,,,* *,,,*..,,* #..#...§.......
*,,,,,,,* *,^,*#.*** *#.#...........
*,,,,,,,* *,,,*#.* #.....##......
*,,,,,,,* *.####.## #!#...##......
*,,,,,,,* *.......#####......#......
****,,,,* ******#.....#####..#..K...
*,..,* ####.###.#.............
*....*######.##.# #.#.####.#####.,
#S.[.##......##.# #.†..# *...,,,,,
##............##.#####..#**####*,,,
##.........................,,,,,,,,
##............##.####.#.####****,*,
##.≈≈≈........@.......#..,,<****,*,
##.≈=≈...............#####***,,,,*,
##.≈≈≈...............# *,,,,*,
##...............#.#.#####***,,,,*,
##......########.#).......,,*,,,,*,
########.#######.....#{...,,,,,,,*,
##############......##.{..,,*,,,**,
##############.....o#*,,{,,,<,,,**,
##############........,,,,,,,,,,,,,
##############......##.,,,,,*,,,***
##############......#,,..,,,**+** *
##############.......,**#,,,**,* *
#############......#.*,,,,,**,****
*,,,,,,*,*,**,***,,,,*
*,,,,,,,,*,**,* ****,*
*,,,,,,***,,,,******,*
******,,,,,,****,,,*,,
******,,,**,*,*** ***,**,*,,,,


You could see an orc wizard.

Vanquished Creatures
  A frilled lizard (D:3)
  A kobold (D:3)
  A rat (D:3)
3 creatures vanquished.

Notes
Turn   | Place    | Note
-------+----------+-------------------------------------------
     0 | D:5      | petzl the Formicid Delver began the quest for the Orb.
     0 | D:5      | Reached XP level 1. HP: 18/18 MP: 1/1
   114 | D:6      | Noticed Blork the orc
   223 | D:4      | Noticed an orc wizard
   301 | D:3      | Noticed an orc wizard
   301 | D:3      | Noticed an orc priest
   395 | D:3      | Noticed an orc wizard
   396 | D:3      | Killed from afar by an orc wizard

Illustrated notes

Levels and vault maps discovered:
D:3:      layout_basic, corexii_item_surrounded_by_moat
D:4:      layout_layer_cave, gammafunk_ghost_icy, chequers_garden,
          minmay_misc_feat_alley, uniq_sigmund
D:5:      layout_basic, overflow_temple_1_default, uniq_ijyb, uniq_edmund
D:6:      layout_cave_pools, uniq_menkaure, uniq_crazy_yiuf_cottage,
          uniq_blork_the_orc

Action                     || total
---------------------------++-------
  Melee: Mace              ||    10
Ability: Dig               ||     1
    Use: Scroll            ||     3
 Armour: Leather armour    ||    12
  Dodge: Dodged            ||     5

Table legend: (Time is in decaauts)
 A = Elapsed time spent in this place.
 B = Non-inter-level travel time spent in this place.
 C = Inter-level travel time spent in this place.
 D = Time resting spent in this place.
 E = Time spent auto-exploring this place.
 F = Levels seen in this place.
 G = Mean time per level.
                   A        B        C        D        E       F      G
               +--------+--------+--------+--------+--------+-----+--------+
         Total |    398 |    398 |      0 |      8 |    148 |   4 |   99.5 |
       Dungeon |    398 |    398 |      0 |      8 |    148 |   4 |   99.5 |
               +--------+--------+--------+--------+--------+-----+--------+

Top non-repeatable levels by time:
     D:3: 173 daAuts
     D:5: 152 daAuts
     D:4: 70 daAuts
     D:6: 1 daAuts
